Map: Frozen Temple

Players

Solstice - Winner!

  • Race: Protoss Protoss

PufferFish

  • Race: Terran Terran

VOD

Have the link to the VOD?

Description

Time

  • Played on: April 26, 2016, 11:09 p.m.
  • Length: 15:56
Show
View Real Time Build Order
Export as new Build Order

Solstice Protoss - Winner!

Build Orders: Blink Stalkers 

Get SALT Encoding   

  12  0:02  Probe (Chrono Boost)  
  13  0:14  Pylon  
  13  0:19  Probe (Chrono Boost)  
  14  0:29  Probe (Chrono Boost)  
  14  0:31  Assimilator  
  15  0:40  Probe (Chrono Boost)  
  16  0:46  Gateway  
  16  0:51  Probe (Chrono Boost)  
  17  0:59  Assimilator  
  17  1:12  Probe (Chrono Boost)  
  18  1:23  Probe (Chrono Boost)  
  19  1:33  Probe (Chrono Boost)  
  19  1:35  Cybernetics Core  
  20  1:44  Probe (Chrono Boost)  
  20  1:46  Pylon  
  21  1:50  Zealot  
  23  2:04  Probe (Chrono Boost)  
  24  2:14  Warp Gate  
  24  2:15  Probe (Chrono Boost)  
  25  2:25  Probe (Chrono Boost)  
  26  2:36  Probe (Chrono Boost)  
  27  2:40  Nexus  
  27  2:46  Zealot, Probe (Chrono Boost)  
  30  2:57  Probe (Chrono Boost)  
  31  3:02  Forge  
  31  3:11  Twilight Council  
  31  3:16  Pylon  
  31  3:35  Probe (Chrono Boost)  
  31  3:37  Stalker  
  34  3:45  Probe (Chrono Boost)  
  35  3:53  Probe (Chrono Boost)  
  35  3:55  Blink  
  36  3:56  Probe (Chrono Boost)  
  37  4:04  Probe (Chrono Boost)  
  37  4:06  Probe (Chrono Boost)  
  39  4:14  Probe (Chrono Boost)  
  39  4:15  Protoss Ground Weapons Level 1 (Chrono Boost)  
  41  4:17  Probe (Chrono Boost)  
  41  4:25  Pylon, Probe (Chrono Boost)  
  41  4:27  Probe (Chrono Boost)  
  41  4:35  Probe (Chrono Boost)  
  41  4:38  Gateway, Probe (Chrono Boost)  
  41  4:41  Gateway  
  41  4:43  Gateway  
  41  4:49  Assimilator  
  41  4:52  Assimilator  
  41  4:53  Probe (Chrono Boost)  
  41  4:56  Probe (Chrono Boost)  
  43  5:03  Probe (Chrono Boost)  
  43  5:04  Gateway  
  43  5:06  Probe (Chrono Boost)  
  45  5:14  Probe  
  46  5:17  Probe  
  47  5:22  Photon Cannon  
  47  5:23  Photon Cannon  
  47  5:25  Photon Cannon  
  47  5:30  Stalker  
  49  5:42  Charge  
  49  5:45  Stalker  
  49  5:46  Stalker x2  
  55  5:55  Photon Cannon  
  55  5:59  Photon Cannon  
  55  6:06  Protoss Ground Weapons Level 2 (Chrono Boost)  
  55  6:10  Stalker  
  57  6:11  Stalker x2  
  61  6:25  Pylon  
  61  6:43  Nexus  
  61  6:47  Pylon  
  61  6:52  Pylon  
  61  6:53  Stalker x4  
  69  7:10  Mothership Core  
  70  7:31  Stalker  
  70  7:32  Stalker x4  
  70  7:34  Probe  
  81  7:44  Assimilator  
  81  7:46  Assimilator, Probe  
  81  7:49  Probe  
  83  7:59  Photon Cannon, Probe  
  83  8:01  Probe  
  83  8:02  Photon Cannon  
  83  8:04  Protoss Ground Armor Level 1 (Chrono Boost)  
  83  8:05  Photon Cannon  
  81  8:08  Photon Cannon  
  81  8:11  Probe  
  80  8:13  Probe  
  80  8:15  Stalker  
  80  8:16  Stalker x3  
  89  8:23  Probe  
  89  8:25  Probe  
  91  8:30  Probe  
  92  8:35  Probe  
  92  8:38  Probe  
  92  8:40  Probe  
  94  8:41  Stalker x3  
  101  8:53  Pylon  
  101  8:57  Pylon  
  101  9:01  Pylon  
  101  9:10  Probe  
  101  9:11  Probe  
  103  9:20  Probe  
  104  9:31  Probe  
  104  9:36  Stargate  
  104  9:37  Stargate  
  105  9:38  Protoss Ground Weapons Level 3 (Chrono Boost)  
  105  9:39  Stargate  
  105  9:41  Stargate  
  105  9:43  Stargate x2  
  105  9:44  Stalker  
  105  9:45  Stalker x4  
  111  10:07  Probe  
  112  10:18  Probe  
  113  10:23  Pylon  
  113  10:27  Pylon  
  113  10:28  Probe  
  113  10:31  Pylon, Void Ray x2  
  113  10:34  Pylon  
  122  10:39  Pylon  
  122  10:41  Void Ray (Chrono Boost)  
  122  10:42  Void Ray (Chrono Boost)  
  130  10:44  Probe  
  130  10:46  Void Ray x2 (Chrono Boost)  
  121  10:54  Stalker x3, Probe  
  121  10:55  Stalker x2  
  132  11:20  Void Ray x2 (Chrono Boost)  
  132  11:24  Void Ray (Chrono Boost)  
  140  11:29  Stalker  
  140  11:30  Stalker, Void Ray (Chrono Boost)  
  140  11:32  Stalker  
  150  11:33  Void Ray (Chrono Boost)  
  150  11:43  Protoss Shields Level 1  
  150  11:49  Fleet Beacon  
  124  12:21  Void Ray (Chrono Boost)  
  124  12:22  Void Ray x2 (Chrono Boost)  
  136  12:25  Void Ray (Chrono Boost)  
  136  12:35  Nexus  
  136  12:55  Robotics Facility  
  136  12:56  Robotics Facility  
  136  12:58  Robotics Facility  
  142  13:19  Assimilator  
  142  13:21  Assimilator  
  130  14:06  Void Ray (Chrono Boost)  
  154  14:11  Void Ray x4 (Chrono Boost)  
  154  14:12  Void Ray (Chrono Boost)  
  154  14:20  Observer  
  155  15:00  Nexus  
  155  15:07  Nexus  
Show
View Real Time Build Order
Export as new Build Order

PufferFish Terran 

Build Orders:  

Get SALT Encoding   

  12  0:01  SCV  
  13  0:14  SCV  
  14  0:23  Supply Depot  
  14  0:30  SCV  
  15  0:44  Refinery, SCV  
  16  0:52  Barracks  
  16  0:56  SCV  
  17  1:08  SCV  
  18  1:20  SCV  
  19  1:33  Command Center  
  19  1:35  SCV  
  20  1:43  Barracks Tech Lab  
  20  1:52  Supply Depot  
  20  1:56  Orbital Command  
  20  2:03  Marauder  
  22  2:21  Refinery  
  22  2:23  SCV  
  23  2:34  Marauder  
  23  2:35  SCV  
  26  2:47  SCV  
  26  2:50  SCV  
  28  2:55  Marauder  
  30  2:59  SCV  
  30  3:01  Barracks  
  30  3:02  SCV  
  32  3:11  SCV  
  33  3:15  Orbital Command  
  33  3:25  Engineering Bay  
  33  3:30  Factory  
  33  3:35  SCV  
  34  3:44  SCV  
  34  3:47  SCV  
  36  3:51  Barracks  
  36  3:55  Reaper  
  36  3:56  SCV  
  36  3:57  Marine  
  39  4:08  SCV  
  40  4:15  Marine  
  41  4:18  Supply Depot  
  39  4:28  Marauder  
  39  4:34  Marine  
  40  4:39  Marine  
  41  4:46  Bunker  
  41  4:49  Marauder  
  41  4:52  Marine  
  44  4:57  Marine  
  45  5:02  Starport  
  45  5:04  SCV  
  46  5:10  Supply Depot, Marine  
  47  5:14  Marine  
  47  5:16  Supply Depot, SCV  
  47  5:21  Barracks  
  49  5:25  Marine  
  49  5:28  Marine, SCV  
  51  5:32  Marine  
  51  5:34  Barracks  
  53  5:39  Terran Infantry Weapons Level 1  
  53  5:40  Bunker, SCV  
  53  5:42  Factory Reactor  
  54  5:43  Marauder  
  54  5:46  Marine  
  57  5:50  Marine, Medivac  
  57  5:56  Stimpack  
  60  6:03  Marine  
  61  6:05  Marauder  
  61  6:08  Marine  
  64  6:21  Marine  
  65  6:26  Marauder  
  67  6:34  Barracks Tech Lab  
  67  6:35  Barracks Tech Lab  
  67  6:39  Marine  
  68  6:42  Barracks Tech Lab  
  68  6:48  Marauder  
  70  7:07  Supply Depot  
  70  7:19  Marine  
  70  7:29  Marauder, Supply Depot  
  72  7:40  Marauder x2  
  72  7:42  Marine  
  77  7:51  Marauder, Terran Infantry Armor Level 1  
  77  7:52  Supply Depot  
  78  8:00  Marine  
  78  8:02  Marauder x2  
  66  8:13  Marauder  
  66  8:18  Marauder, Marine  
  71  8:23  Marauder, Marine  
  74  8:27  Supply Depot  
  76  8:34  Marauder  
  76  8:35  Marine  
  76  8:39  Marauder  
  76  8:41  Marauder, Barracks  
  81  8:45  Marauder  
  81  8:46  Barracks  
  83  8:49  Supply Depot  
  83  8:50  Barracks  
  83  8:53  Marine  
  83  8:55  Armory  
  86  8:56  Marauder  
  86  9:00  Marine  
  86  9:02  Marauder  
  89  9:06  Marauder, Medivac x2  
  95  9:12  Supply Depot  
  97  9:17  Marauder  
  97  9:18  Marauder  
  99  9:33  Barracks  
  99  9:34  Supply Depot  
  99  9:36  Medivac x2  
  105  9:38  Marauder  
  105  9:40  Marauder  
  105  9:45  Hi-Sec Auto Tracking  
  104  9:57  Supply Depot  
  104  9:58  Marauder x2  
  110  10:00  Marauder  
  110  10:01  Marauder  
  110  10:06  Medivac  
  114  10:10  Refinery  
  114  10:12  Refinery  
  114  10:19  Marauder x2  
  114  10:20  Supply Depot  
  120  10:21  Marauder  
  120  10:23  Marauder  
  122  10:41  Marauder x2  
  128  10:42  Marauder  
  128  10:43  Command Center  
  128  10:44  Marauder, Supply Depot  
  117  11:00  Refinery  
  117  11:01  Refinery  
  117  11:06  Marauder  
  117  11:07  Supply Depot  
  117  11:08  Barracks Tech Lab x4  
  117  11:11  Marauder x3  
  125  11:27  Marauder  
  125  11:29  Supply Depot  
  125  11:32  Marauder x3  
  133  11:48  Marauder  
  133  11:52  Supply Depot  
  133  11:53  Marauder  
  133  11:54  Marauder x2  
  102  12:15  Marauder x3, Marine x2  
  108  12:16  Marine  
  111  12:24  Medivac  
  113  12:33  Marine x3  
  113  12:36  Marauder, Marine x2  
  120  12:48  Planetary Fortress  
  120  12:51  Marine x3  
  120  12:53  Marine x2  
  120  12:54  Marine x2  
  120  12:57  Marine  
  128  13:09  Marine x4  
  128  13:11  Marine x3  
  128  13:12  Marine  
  136  13:15  Marine  
  137  13:26  Marine  
  137  13:27  Marine x3  
  138  13:29  Marauder, Marine  
  144  13:44  Marine  
  112  14:02  Marine  
  105  14:27  Marine x5  
  105  14:28  Marine x2  
  112  14:41  Medivac x2  
  112  14:45  Marine x7  
  123  15:02  Marine  
  123  15:03  Marine x6  
  130  15:11  Medivac x2  
  130  15:12  Command Center  
  134  15:17  Refinery  
  134  15:18  Refinery  
  134  15:20  Marine x2  
  134  15:21  Marine x5  
  95  15:38  Marine  
Tags
 
Add a new tag
Caveats
  • Supply blocks, unpowered buildings, or Contaminate may cause inaccurate times.
  • Supply counts are checked every 10 seconds.